Map: Arctic Dream LE

Players

Massa - Winner!

  • Race: Terran Terran
  • League: Platinum
  • Spawn Location: 5:00

qqq - Winner!

  • Race: Zerg Zerg
  • Spawn Location: 6:00

TheRedDuke

  • Race: Protoss Protoss
  • Spawn Location: 12:00

GeneralMaud

  • Race: Protoss Protoss
  • Spawn Location: 11:00

VOD

Have the link to the VOD?

Description

Time

  • Played on: Feb. 19, 2021, 9:42 a.m.
  • Length: 10:17
Show
View Real Time Build Order
Export as new Build Order

Massa Terran - Winner!

Build Orders:  

Get SALT Encoding   

  12  0:01  SCV  
  13  0:14  SCV  
  14  0:18  Supply Depot  
  14  0:26  SCV  
  15  0:39  SCV  
  15  0:40  Barracks  
  16  0:52  Refinery, SCV  
  17  1:04  SCV  
  18  1:16  SCV  
  19  1:27  Marine  
  19  1:32  Orbital Command  
  20  1:48  Marine  
  20  2:06  Marine  
  21  2:11  SCV  
  22  2:17  Factory  
  22  2:23  SCV  
  22  2:27  Supply Depot  
  20  2:58  Barracks  
  19  3:16  Barracks  
  19  3:18  Barracks  
  19  3:26  Hellion  
  12  3:34  SCV  
  13  3:56  SCV  
  13  3:58  Marine  
  14  4:09  Widow Mine  
  16  4:16  Marine  
  17  4:23  Marine x2  
  19  4:33  Factory Tech Lab, Marine  
  19  4:35  SCV  
  21  4:41  Marine  
  21  4:44  Marine  
  23  4:50  Supply Depot  
  23  5:09  SCV  
  23  5:11  Marine  
  22  5:24  SCV  
  22  5:26  Siege Tank  
  26  5:29  Marine  
  26  5:34  Barracks Tech Lab  
  26  5:35  Barracks Reactor  
  27  5:36  SCV  
  28  5:47  Marine  
  28  5:48  SCV  
  30  6:09  SCV  
  31  6:19  Supply Depot  
  31  6:20  Supply Depot  
  31  6:28  Marine  
  31  6:29  Marine  
  31  6:30  SCV, Marine  
  31  6:31  Widow Mine, Marauder  
  26  6:45  Marine  
  27  6:47  Marine x2  
  27  6:50  SCV  
  27  6:53  Marauder  
  32  6:57  Siege Tank  
  35  7:03  Marine  
  35  7:05  Marine x2  
  38  7:14  Marauder  
  40  7:21  Marine  
  39  7:46  Marine  
  39  7:47  Marauder, Marine x2  
  44  7:56  Refinery  
  44  8:02  Widow Mine, Command Center  
  44  8:04  Marine  
  47  8:11  Supply Depot  
  47  8:27  Engineering Bay  
  47  8:33  Marauder, Marine  
  50  8:37  Stimpack  
  50  8:38  Barracks Tech Lab  
  50  8:47  SCV  
  51  8:57  Missile Turret  
  51  8:59  SCV  
  52  9:13  Supply Depot  
  52  9:16  Siege Tank  
  55  9:19  Marine  
  44  10:12  Starport  
Show
View Real Time Build Order
Export as new Build Order

qqq Zerg - Winner!

Build Orders: Hatch First 

Get SALT Encoding   

  12  0:01  Drone  
  13  0:08  Drone  
  14  0:17  Overlord  
  14  0:48  Hatchery  
  13  0:53  Drone  
  13  0:54  Drone x2  
  16  1:21  Extractor  
  16  1:22  Spawning Pool  
  14  1:32  Drone x3  
  17  1:44  Drone  
  18  2:09  Zergling x4  
  18  2:10  Queen  
  18  2:12  Zergling x4  
  24  2:17  Zergling x2  
  24  2:22  Metabolic Boost  
  25  2:25  Zergling x2  
  26  2:30  Overlord  
  26  2:35  Zergling x2  
  27  2:42  Baneling Nest  
  26  2:46  Drone  
  26  2:48  Drone  
  26  2:50  Drone  
  29  3:07  Drone, Zergling x2  
  29  3:08  Drone  
  32  3:20  Zergling x4  
  32  3:21  Drone  
  35  3:28  Zergling x2  
  35  3:29  Overlord x2  
  36  3:42  Zergling x2  
  36  3:44  Overlord x2  
  35  3:55  Zergling x2  
  36  3:56  Queen  
  36  3:57  Drone  
  39  4:16  Zergling x4  
  41  4:18  Zergling x4  
  43  4:37  Zergling x8  
  46  4:38  Drone x2  
  47  4:50  Lair  
  47  4:51  Drone  
  48  4:53  Zergling x2  
  49  5:02  Drone x2  
  49  5:03  Drone  
  50  5:07  Hatchery  
  50  5:11  Zergling x2  
  50  5:13  Zergling x4  
  44  5:21  Extractor  
  44  5:23  Zergling x2  
  44  5:24  Drone x2  
  46  5:46  Drone x2  
  48  5:53  Extractor  
  48  5:54  Extractor  
  46  5:58  Drone x2  
  46  5:59  Drone  
  46  6:03  Drone, Overlord x2  
  50  6:04  Spire  
  50  6:05  Drone x3  
  50  6:07  Zergling x2  
  50  6:10  Baneling x2  
  50  6:11  Baneling x6  
  53  6:15  Drone  
  54  6:20  Zergling x2  
  54  6:21  Zergling x2  
  54  6:22  Zergling x6  
  45  6:48  Zergling x6  
  45  6:49  Zergling x14  
  45  6:53  Zergling x2  
  56  6:57  Zergling x6  
  56  6:58  Drone x2  
  61  7:10  Baneling x4  
  61  7:11  Baneling x7  
  61  7:13  Zergling x2  
  61  7:14  Drone x2, Zergling x2  
  65  7:16  Queen  
  61  7:33  Zergling x4  
  61  7:34  Zergling x8  
  60  7:43  Mutalisk  
  60  7:44  Mutalisk  
  58  7:46  Drone  
  60  7:55  Drone, Mutalisk x2  
  60  7:56  Mutalisk  
  65  8:02  Zergling x2  
  65  8:03  Drone x2  
  68  8:19  Mutalisk  
  68  8:21  Mutalisk  
  68  8:22  Drone x5  
  75  8:36  Drone x3  
  75  8:37  Mutalisk x2  
  71  8:57  Zergling x2  
  71  8:58  Zergling x12  
  71  8:59  Drone x2  
  77  9:06  Zergling x4  
  77  9:08  Drone  
  68  9:25  Mutalisk  
  68  9:28  Drone x2  
  72  9:32  Overseer  
  72  9:33  Pneumatized Carapace  
  72  9:35  Spore Crawler  
  72  9:36  Spine Crawler  
  72  9:38  Drone, Spine Crawler  
  70  9:40  Queen  
  70  9:42  Spore Crawler  
  70  9:43  Spine Crawler  
  70  9:45  Spore Crawler  
  70  9:46  Spine Crawler  
  70  9:50  Drone  
  70  9:51  Mutalisk x5  
  70  9:52  Zergling x8  
  83  9:53  Zergling x2  
  81  10:02  Drone  
Show
View Real Time Build Order
Export as new Build Order

TheRedDuke Protoss 

Build Orders:  

Get SALT Encoding   

  12  0:00  Probe  
  13  0:13  Pylon  
  13  0:18  Probe  
  14  0:31  Probe (Chrono Boost)  
  15  0:36  Gateway  
  16  0:43  Probe (Chrono Boost)  
  16  0:50  Probe (Chrono Boost)  
  17  1:00  Probe  
  17  1:01  Assimilator  
  18  1:05  Assimilator  
  18  1:14  Gateway  
  18  1:16  Probe  
  18  1:33  Cybernetics Core  
  18  1:41  Pylon  
  18  1:49  Probe (Chrono Boost)  
  19  2:00  Forge  
  19  2:01  Probe (Chrono Boost)  
  20  2:07  Probe (Chrono Boost)  
  21  2:15  Probe (Chrono Boost)  
  21  2:18  Twilight Council  
  22  2:24  Warp Gate  
  22  2:27  Probe (Chrono Boost)  
  23  2:32  Probe (Chrono Boost)  
  24  2:41  Probe  
  24  2:42  Pylon  
  25  2:47  Protoss Ground Weapons Level 1  
  25  2:53  Probe  
  26  2:59  Charge (Chrono Boost)  
  26  3:12  Zealot x2  
  30  3:15  Probe  
  31  3:27  Probe  
  32  3:45  Zealot  
  32  3:46  Zealot  
  32  3:57  Gateway  
  32  3:59  Pylon  
  32  4:00  Shield Battery  
  32  4:03  Gateway  
  32  4:08  Pylon  
  32  4:15  Pylon  
  32  4:17  Gateway  
  32  4:27  Zealot  
  34  4:38  Gateway  
  34  4:48  Zealot  
  34  4:52  Zealot  
  38  4:59  Gateway  
  34  5:18  Zealot x4  
  36  5:32  Nexus  
  36  5:40  Zealot  
  36  5:42  Zealot  
  40  5:48  Zealot  
  42  5:53  Zealot  
  44  6:05  Cybernetics Core  
  44  6:07  Zealot  
  46  6:12  Zealot  
  36  6:50  Zealot  
  36  6:51  Zealot x3  
  36  6:52  Zealot  
  44  6:54  Zealot  
  44  6:59  Probe  
  44  7:00  Probe  
  48  7:08  Robotics Facility  
  48  7:11  Zealot x2  
  34  7:44  Zealot  
  34  7:45  Zealot x5  
  46  7:53  Warp Prism (Chrono Boost)  
  46  7:54  Dark Shrine  
  48  8:07  Zealot x3  
  50  8:52  Stalker x3  
  50  8:53  Stalker  
  58  8:59  Zealot x2  
  44  9:21  Dark Templar  
  42  9:37  Dark Templar  
  44  9:38  Zealot x2  
  44  9:40  Assimilator x2  
  44  9:50  Zealot x2  
  44  9:53  Zealot  
  46  10:02  Archon  
  46  10:03  Zealot x2  
Show
View Real Time Build Order
Export as new Build Order

GeneralMaud Protoss 

Build Orders:  

Get SALT Encoding   

  12  0:01  Probe  
  13  0:13  Probe  
  14  0:20  Pylon  
  14  0:25  Probe  
  15  0:39  Forge  
  15  0:41  Probe  
  16  0:53  Probe (Chrono Boost)  
  17  0:59  Pylon  
  17  1:05  Probe (Chrono Boost)  
  18  1:18  Gateway  
  17  1:27  Photon Cannon  
  17  1:28  Pylon  
  17  2:00  Photon Cannon  
  17  2:03  Pylon  
  17  2:06  Zealot (Chrono Boost)  
  19  2:11  Gateway  
  19  2:13  Gateway  
  19  2:16  Pylon  
  19  2:43  Zealot (Chrono Boost)  
  21  2:58  Photon Cannon  
  21  3:02  Probe  
  22  3:10  Zealot x2  
  26  3:14  Probe  
  15  3:51  Pylon  
  15  3:53  Pylon  
  6  4:27  Photon Cannon  
Tags
 
Add a new tag
Caveats
  • Supply blocks, unpowered buildings, or Contaminate may cause inaccurate times.
  • Supply counts are checked every 10 seconds.